Workbook

Sheet AGEFOS
B1: AGEFOS ANNIE 2017
B2: STATUT | C2: MOIS | D2: DATE D'ENVOI | E2: AGENCE | F2: ADRESSE | G2: CODE POSTAL - VILLE | H2: TELEPHONE | I2: MAIL | J2: NOM DU PARTICIPANT | K2: FORMATION | L2: DATE FORMATION | M2: CHÉQUE | N2: NUMÉRO DE CONVENTION | O2: MONTANT TOTAL HT | P2: MONTANT TOTAL TTC | Q2: NUMÉRO DE FACTURE | R2: REFERENCE CLIENT | S2: DATE ENVOI FACTURE ET ATTESTATION DE PRESENCE | T2: DATE RECEPTION CHÉQUE | U2: RESTE A RECEVOIR | V2: FORMATEUR | W2: REMARQUE
A3: AGEFOS ANNIE 2017 | P3: =IF(OR(B3="R",B3="Refusé"),0,(O3*1.2)) -> 0 | S3: 42668 | U3: =IF(ISBLANK($T3),P3,0) -> 0
P4: =IF(OR(B4="R",B4="Refusé"),0,(O4*1.2)) -> 0 | U4: =IF(ISBLANK($T4),P4,0) -> 0
P5: =IF(OR(B5="R",B5="Refusé"),0,(O5*1.2)) -> 0 | U5: =IF(ISBLANK($T5),P5,0) -> 0
P6: =IF(OR(B6="R",B6="Refusé"),0,(O6*1.2)) -> 0 | U6: =IF(ISBLANK($T6),P6,0) -> 0
P7: =IF(OR(B7="R",B7="Refusé"),0,(O7*1.2)) -> 0 | U7: =IF(ISBLANK($T7),P7,0) -> 0
P8: =IF(OR(B8="R",B8="Refusé"),0,(O8*1.2)) -> 0 | U8: =IF(ISBLANK($T8),P8,0) -> 0
P9: =IF(OR(B9="R",B9="Refusé"),0,(O9*1.2)) -> 0 | U9: =IF(ISBLANK($T9),P9,0) -> 0
P10: =IF(OR(B10="R",B10="Refusé"),0,(O10*1.2)) -> 0 | U10: =IF(ISBLANK($T10),P10,0) -> 0
P11: =IF(OR(B11="R",B11="Refusé"),0,(O11*1.2)) -> 0 | U11: =IF(ISBLANK($T11),P11,0) -> 0
P12: =IF(OR(B12="R",B12="Refusé"),0,(O12*1.2)) -> 0 | U12: =IF(ISBLANK($T12),P12,0) -> 0
P13: =IF(OR(B13="R",B13="Refusé"),0,(O13*1.2)) -> 0 | U13: =IF(ISBLANK($T13),P13,0) -> 0
P14: =IF(OR(B14="R",B14="Refusé"),0,(O14*1.2)) -> 0 | U14: =IF(ISBLANK($T14),P14,0) -> 0
P15: =IF(OR(B15="R",B15="Refusé"),0,(O15*1.2)) -> 0 | U15: =IF(ISBLANK($T15),P15,0) -> 0
... P100: =IF(OR(B100="R",B100="Refusé"),0,(O100*1.2)) -> 0 | U100: =IF(ISBLANK($T100),P100,0) -> 0
B101: Total | O101: =SUBTOTAL(109,Tableau267[MONTANT TOTAL HT]) -> 0 | P101: =SUBTOTAL(109,Tableau267[MONTANT TOTAL TTC]) -> 0 | U101: =SUBTOTAL(109,Tableau267[RESTE A RECEVOIR]) -> 0
R102: MONTANT RECU | S102: =Tableau267[[#Totals],[MONTANT TOTAL TTC]]-Tableau267[[#Totals],[RESTE A RECEVOIR]] -> 0 | T102: TTC
B105: AGEFOS MARGE 2017
B106: STATUT | C106: MOIS | D106: DATE D'ENVOI | E106: AGENCE | F106: ADRESSE | G106: CODE POSTAL - VILLE | H106: TELEPHONE | I106: MAIL | J106: NOM DU PARTICIPANT | K106: FORMATION | L106: DATE FORMATION | M106: CHÉQUE | N106: NUMÉRO DE CONVENTION | O106: MONTANT TOTAL HT | P106: MONTANT TOTAL TTC | Q106: NUMÉRO DE FACTURE | R106: REFERENCE CLIENT | S106: DATE ENVOI FACTURE ET FEUILLE DE PRÉSENCE | T106: DATE RECEPTION CHÉQUE | U106: RESTE A RECEVOIR | V106: FORMATEUR | W106: REMARQUE
A107: AGEFOS MARGE 2017 | P107: =IF(OR(B107="R",B107="R"),0,(O107*1.2)) -> 0 | S107: 42668 | U107: =IF(ISBLANK($T107),P107,0) -> 0
P108: =IF(OR(B108="R",B108="R"),0,(O108*1.2)) -> 0 | U108: =IF(ISBLANK($T108),P108,0) -> 0
P109: =IF(OR(B109="R",B109="R"),0,(O109*1.2)) -> 0 | U109: =IF(ISBLANK($T109),P109,0) -> 0
P110: =IF(OR(B110="R",B110="R"),0,(O110*1.2)) -> 0 | U110: =IF(ISBLANK($T110),P110,0) -> 0
P111: =IF(OR(B111="R",B111="R"),0,(O111*1.2)) -> 0 | U111: =IF(ISBLANK($T111),P111,0) -> 0
P112: =IF(OR(B112="R",B112="R"),0,(O112*1.2)) -> 0 | U112: =IF(ISBLANK($T112),P112,0) -> 0
P113: =IF(OR(B113="R",B113="R"),0,(O113*1.2)) -> 0 | U113: =IF(ISBLANK($T113),P113,0) -> 0
P114: =IF(OR(B114="R",B114="R"),0,(O114*1.2)) -> 0 | U114: =IF(ISBLANK($T114),P114,0) -> 0
P115: =IF(OR(B115="R",B115="R"),0,(O115*1.2)) -> 0 | U115: =IF(ISBLANK($T115),P115,0) -> 0
P116: =IF(OR(B116="R",B116="R"),0,(O116*1.2)) -> 0 | U116: =IF(ISBLANK($T116),P116,0) -> 0
P117: =IF(OR(B117="R",B117="R"),0,(O117*1.2)) -> 0 | U117: =IF(ISBLANK($T117),P117,0) -> 0
P118: =IF(OR(B118="R",B118="R"),0,(O118*1.2)) -> 0 | U118: =IF(ISBLANK($T118),P118,0) -> 0
P119: =IF(OR(B119="R",B119="R"),0,(O119*1.2)) -> 0 | U119: =IF(ISBLANK($T119),P119,0) -> 0
... P204: =IF(OR(B204="R",B204="R"),0,(O204*1.2)) -> 0 | U204: =IF(ISBLANK($T204),P204,0) -> 0
B205: Total | O205: =SUBTOTAL(109,Tableau2673[MONTANT TOTAL HT]) -> 0 | P205: =SUBTOTAL(109,Tableau2673[MONTANT TOTAL TTC]) -> 0 | U205: =SUBTOTAL(109,Tableau2673[RESTE A RECEVOIR]) -> 0
R206: MONTANT RECU | S206: =Tableau2673[[#Totals],[MONTANT TOTAL TTC]]-Tableau2673[[#Totals],[RESTE A RECEVOIR]] -> 0 | T206: TTC
A209: AGEFOS SANDRINE 2017 | B209: AGEFOS SANDRINE 2017
B210: STATUT | C210: MOIS | D210: DATE D'ENVOI | E210: AGENCE | F210: ADRESSE | G210: CODE POSTAL - VILLE | H210: TELEPHONE | I210: MAIL | J210: NOM DU PARTICIPANT | K210: FORMATION | L210: DATE FORMATION | M210: CHÉQUE | N210: NUMÉRO DE CONVENTION | O210: MONTANT TOTAL HT | P210: MONTANT TOTAL TTC | Q210: NUMÉRO DE FACTURE | R210: REFERENCE CLIENT | S210: DATE ENVOI FACTURE ET FEUILLE DE PRÉSENCE | T210: DATE RECEPTION CHÉQUE | U210: RESTE A RECEVOIR | V210: FORMATEUR | W210: REMARQUE
A211: AGEFOS SANDRINE 2017 | P211: =IF(OR(B211="R",B211="Refusé"),0,(O211*1.2)) -> 0 | S211: 42668 | U211: =IF(ISBLANK($T211),P211,0) -> 0
P212: =IF(OR(B212="R",B212="Refusé"),0,(O212*1.2)) -> 0 | U212: =IF(ISBLANK($T212),P212,0) -> 0
P213: =IF(OR(B213="R",B213="Refusé"),0,(O213*1.2)) -> 0 | U213: =IF(ISBLANK($T213),P213,0) -> 0
P214: =IF(OR(B214="R",B214="Refusé"),0,(O214*1.2)) -> 0 | U214: =IF(ISBLANK($T214),P214,0) -> 0
P215: =IF(OR(B215="R",B215="Refusé"),0,(O215*1.2)) -> 0 | U215: =IF(ISBLANK($T215),P215,0) -> 0
P216: =IF(OR(B216="R",B216="Refusé"),0,(O216*1.2)) -> 0 | U216: =IF(ISBLANK($T216),P216,0) -> 0
P217: =IF(OR(B217="R",B217="Refusé"),0,(O217*1.2)) -> 0 | U217: =IF(ISBLANK($T217),P217,0) -> 0
P218: =IF(OR(B218="R",B218="Refusé"),0,(O218*1.2)) -> 0 | U218: =IF(ISBLANK($T218),P218,0) -> 0
P219: =IF(OR(B219="R",B219="Refusé"),0,(O219*1.2)) -> 0 | U219: =IF(ISBLANK($T219),P219,0) -> 0
P220: =IF(OR(B220="R",B220="Refusé"),0,(O220*1.2)) -> 0 | U220: =IF(ISBLANK($T220),P220,0) -> 0
P221: =IF(OR(B221="R",B221="Refusé"),0,(O221*1.2)) -> 0 | U221: =IF(ISBLANK($T221),P221,0) -> 0
P222: =IF(OR(B222="R",B222="Refusé"),0,(O222*1.2)) -> 0 | U222: =IF(ISBLANK($T222),P222,0) -> 0
P223: =IF(OR(B223="R",B223="Refusé"),0,(O223*1.2)) -> 0 | U223: =IF(ISBLANK($T223),P223,0) -> 0
... P308: =IF(OR(B308="R",B308="Refusé"),0,(O308*1.2)) -> 0 | U308: =IF(ISBLANK($T308),P308,0) -> 0
B309: Total | O309: =SUBTOTAL(109,Tableau2678[MONTANT TOTAL HT]) -> 0 | P309: =SUBTOTAL(109,Tableau2678[MONTANT TOTAL TTC]) -> 0 | U309: =SUBTOTAL(109,Tableau2678[RESTE A RECEVOIR]) -> 0
R310: MONTANT RECU | S310: =Tableau2678[[#Totals],[MONTANT TOTAL TTC]]-Tableau2678[[#Totals],[RESTE A RECEVOIR]] -> 0 | T310: TTC
A313: AGEFOS SANDRINE 2017 | B313: AGEFOS ALEX 2017
B314: STATUT | C314: MOIS | D314: DATE D'ENVOI | E314: AGENCE | F314: ADRESSE | G314: CODE POSTAL - VILLE | H314: TELEPHONE | I314: MAIL | J314: NOM DU PARTICIPANT | K314: FORMATION | L314: DATE FORMATION | M314: CHÉQUE | N314: NUMÉRO DE CONVENTION | O314: MONTANT TOTAL HT | P314: MONTANT TOTAL TTC | Q314: NUMÉRO DE FACTURE | R314: REFERENCE CLIENT | S314: DATE ENVOI FACTURE ET FEUILLE DE PRÉSENCE | T314: DATE RECEPTION CHÉQUE | U314: RESTE A RECEVOIR | V314: FORMATEUR | W314: REMARQUE
A315: AGEFOS ALEX 2017 | P315: =IF(OR(B315="R",B315="Refusé"),0,(O315*1.2)) -> 0 | S315: 42668 | U315: =IF(ISBLANK($T315),P315,0) -> 0
P316: =IF(OR(B316="R",B316="Refusé"),0,(O316*1.2)) -> 0 | U316: =IF(ISBLANK($T316),P316,0) -> 0
P317: =IF(OR(B317="R",B317="Refusé"),0,(O317*1.2)) -> 0 | U317: =IF(ISBLANK($T317),P317,0) -> 0
P318: =IF(OR(B318="R",B318="Refusé"),0,(O318*1.2)) -> 0 | U318: =IF(ISBLANK($T318),P318,0) -> 0
P319: =IF(OR(B319="R",B319="Refusé"),0,(O319*1.2)) -> 0 | U319: =IF(ISBLANK($T319),P319,0) -> 0
P320: =IF(OR(B320="R",B320="Refusé"),0,(O320*1.2)) -> 0 | U320: =IF(ISBLANK($T320),P320,0) -> 0
P321: =IF(OR(B321="R",B321="Refusé"),0,(O321*1.2)) -> 0 | U321: =IF(ISBLANK($T321),P321,0) -> 0
P322: =IF(OR(B322="R",B322="Refusé"),0,(O322*1.2)) -> 0 | U322: =IF(ISBLANK($T322),P322,0) -> 0
P323: =IF(OR(B323="R",B323="Refusé"),0,(O323*1.2)) -> 0 | U323: =IF(ISBLANK($T323),P323,0) -> 0
P324: =IF(OR(B324="R",B324="Refusé"),0,(O324*1.2)) -> 0 | U324: =IF(ISBLANK($T324),P324,0) -> 0
P325: =IF(OR(B325="R",B325="Refusé"),0,(O325*1.2)) -> 0 | U325: =IF(ISBLANK($T325),P325,0) -> 0
P326: =IF(OR(B326="R",B326="Refusé"),0,(O326*1.2)) -> 0 | U326: =IF(ISBLANK($T326),P326,0) -> 0
P327: =IF(OR(B327="R",B327="Refusé"),0,(O327*1.2)) -> 0 | U327: =IF(ISBLANK($T327),P327,0) -> 0
... P411: =IF(OR(B411="R",B411="Refusé"),0,(O411*1.2)) -> 0 | U411: =IF(ISBLANK($T411),P411,0) -> 0
P412: =IF(OR(B412="R",B412="Refusé"),0,(O412*1.2)) -> 0 | S412: 42668 | U412: =IF(ISBLANK($T412),P412,0) -> 0
B413: Total | O413: =SUBTOTAL(109,Tableau267818[MONTANT TOTAL HT]) -> 0 | P413: =SUBTOTAL(109,Tableau267818[MONTANT TOTAL TTC]) -> 0 | U413: =SUBTOTAL(109,Tableau267818[RESTE A RECEVOIR]) -> 0
R414: MONTANT RECU | S414: =Tableau267818[[#Totals],[MONTANT TOTAL TTC]]-Tableau267818[[#Totals],[RESTE A RECEVOIR]] -> 0 | T414: TTC
O421: TOTAUX DES COMMERCIAUX | Q421: DOSSIERS RENTRÉS | R421: RESTE A RECEVOIR | S421: MONTANT RECU TTC
Q422: =Tableau267818[[#Totals],[MONTANT TOTAL TTC]]+Tableau2678[[#Totals],[MONTANT TOTAL TTC]]+Tableau2673[[#Totals],[MONTANT TOTAL TTC]]+Tableau267[[#Totals],[MONTANT TOTAL TTC]] -> 0 | R422: =Tableau267818[[#Totals],[RESTE A RECEVOIR]]+Tableau2678[[#Totals],[RESTE A RECEVOIR]]+Tableau2673[[#Totals],[RESTE A RECEVOIR]]+Tableau267[[#Totals],[RESTE A RECEVOIR]] -> 0 | S422: =S414+S310+S206+S102 -> 0

Sheet AGEFICE
A1: AGEFICE ANNIE 2017
B2: STATUT | C2: MOIS | D2: DATE D'ENVOI | E2: AGENCE | F2: ADRESSE | G2: CODE POSTAL - VILLE | H2: TELEPHONE | I2: MAIL | J2: NOM DU PARTICIPANT | K2: FORMATION | L2: DATE FORMATION | M2: CHÉQUE | N2: MONTANT TOTAL HT | O2: MONTANT TOTAL TTC | P2: NUMÉRO DE FACTURE | Q2: REFERENCE CLIENT | R2: DATE ENVOI FACTURE ET FEUILLE DE PRÉSENCE | S2: DATE RECEPTION CHÉQUE | T2: RESTE A RECEVOIR | U2: FORMATEUR | V2: REMARQUE
A3: AGEFICE ANNIE 2017 | O3: =IF(OR(B3="R",B3="Refusé"),0,(N3*1.2)) -> 0 | R3: 42668 | T3: =IF(ISBLANK($S3),O3,0) -> 0
O4: =IF(OR(B4="R",B4="Refusé"),0,(N4*1.2)) -> 0 | T4: =IF(ISBLANK($S4),O4,0) -> 0
O5: =IF(OR(B5="R",B5="Refusé"),0,(N5*1.2)) -> 0 | T5: =IF(ISBLANK($S5),O5,0) -> 0
O6: =IF(OR(B6="R",B6="Refusé"),0,(N6*1.2)) -> 0 | T6: =IF(ISBLANK($S6),O6,0) -> 0
O7: =IF(OR(B7="R",B7="Refusé"),0,(N7*1.2)) -> 0 | T7: =IF(ISBLANK($S7),O7,0) -> 0
O8: =IF(OR(B8="R",B8="Refusé"),0,(N8*1.2)) -> 0 | T8: =IF(ISBLANK($S8),O8,0) -> 0
O9: =IF(OR(B9="R",B9="Refusé"),0,(N9*1.2)) -> 0 | T9: =IF(ISBLANK($S9),O9,0) -> 0
O10: =IF(OR(B10="R",B10="Refusé"),0,(N10*1.2)) -> 0 | T10: =IF(ISBLANK($S10),O10,0) -> 0
O11: =IF(OR(B11="R",B11="Refusé"),0,(N11*1.2)) -> 0 | T11: =IF(ISBLANK($S11),O11,0) -> 0
O12: =IF(OR(B12="R",B12="Refusé"),0,(N12*1.2)) -> 0 | T12: =IF(ISBLANK($S12),O12,0) -> 0
O13: =IF(OR(B13="R",B13="Refusé"),0,(N13*1.2)) -> 0 | T13: =IF(ISBLANK($S13),O13,0) -> 0
O14: =IF(OR(B14="R",B14="Refusé"),0,(N14*1.2)) -> 0 | T14: =IF(ISBLANK($S14),O14,0) -> 0
O15: =IF(OR(B15="R",B15="Refusé"),0,(N15*1.2)) -> 0 | T15: =IF(ISBLANK($S15),O15,0) -> 0
... O99: =IF(OR(B99="R",B99="Refusé"),0,(N99*1.2)) -> 0 | T99: =IF(ISBLANK($S99),O99,0) -> 0
B100: Total | N100: =SUBTOTAL(109,Tableau26[MONTANT TOTAL HT]) -> 0 | O100: =SUBTOTAL(109,Tableau26[MONTANT TOTAL TTC]) -> 0 | T100: =SUBTOTAL(109,Tableau26[RESTE A RECEVOIR]) -> 0
Q101: MONTANT RECU | R101: =Tableau26[[#Totals],[MONTANT TOTAL TTC]]-Tableau26[[#Totals],[RESTE A RECEVOIR]] -> 0 | S101: TTC
B104: AGEFICE MARJE 2017
A105: AGEFICE MARGE 2017 | B105: STATUT | C105: MOIS | D105: DATE D'ENVOI | E105: AGENCE | F105: ADRESSE | G105: CODE POSTAL - VILLE | H105: TELEPHONE | I105: MAIL | J105: NOM DU PARTICIPANT | K105: FORMATION | L105: DATE FORMATION | M105: CHÉQUE | N105: MONTANT TOTAL HT | O105: MONTANT TOTAL TTC | P105: NUMÉRO DE FACTURE | Q105: REFERENCE CLIENT | R105: DATE ENVOI FACTURE ET FEUILLE DE PRÉSENCE | S105: DATE RECEPTION CHÉQUE | T105: RESTE A RECEVOIR | U105: FORMATEUR | V105: REMARQUE
O106: =IF(OR(B106="R",B106="Refusé"),0,(N106*1.2)) -> 0 | R106: 42668 | T106: =IF(ISBLANK($S106),O106,0) -> 0
O107: =IF(OR(B107="R",B107="Refusé"),0,(N107*1.2)) -> 0 | T107: =IF(ISBLANK($S107),O107,0) -> 0
O108: =IF(OR(B108="R",B108="Refusé"),0,(N108*1.2)) -> 0 | T108: =IF(ISBLANK($S108),O108,0) -> 0
O109: =IF(OR(B109="R",B109="Refusé"),0,(N109*1.2)) -> 0 | T109: =IF(ISBLANK($S109),O109,0) -> 0
O110: =IF(OR(B110="R",B110="Refusé"),0,(N110*1.2)) -> 0 | T110: =IF(ISBLANK($S110),O110,0) -> 0
O111: =IF(OR(B111="R",B111="Refusé"),0,(N111*1.2)) -> 0 | T111: =IF(ISBLANK($S111),O111,0) -> 0
O112: =IF(OR(B112="R",B112="Refusé"),0,(N112*1.2)) -> 0 | T112: =IF(ISBLANK($S112),O112,0) -> 0
O113: =IF(OR(B113="R",B113="Refusé"),0,(N113*1.2)) -> 0 | T113: =IF(ISBLANK($S113),O113,0) -> 0
O114: =IF(OR(B114="R",B114="Refusé"),0,(N114*1.2)) -> 0 | T114: =IF(ISBLANK($S114),O114,0) -> 0
O115: =IF(OR(B115="R",B115="Refusé"),0,(N115*1.2)) -> 0 | T115: =IF(ISBLANK($S115),O115,0) -> 0
O116: =IF(OR(B116="R",B116="Refusé"),0,(N116*1.2)) -> 0 | T116: =IF(ISBLANK($S116),O116,0) -> 0
O117: =IF(OR(B117="R",B117="Refusé"),0,(N117*1.2)) -> 0 | T117: =IF(ISBLANK($S117),O117,0) -> 0
O118: =IF(OR(B118="R",B118="Refusé"),0,(N118*1.2)) -> 0 | T118: =IF(ISBLANK($S118),O118,0) -> 0
... O203: =IF(OR(B203="R",B203="Refusé"),0,(N203*1.2)) -> 0 | T203: =IF(ISBLANK($S203),O203,0) -> 0
B204: Total | N204: =SUM(N106:N203) -> 0 | O204: =SUM(O106:O203) -> 0 | T204: =SUM(T106:T203) -> 0
Q205: MONTANT RECU | R205: =O204-T204 -> 0 | S205: TTC
B208: AGEFICE SANDRINE 2017
B209: STATUT | C209: MOIS | D209: DATE D'ENVOI | E209: AGENCE | F209: ADRESSE | G209: CODE POSTAL - VILLE | H209: TELEPHONE | I209: MAIL | J209: NOM DU PARTICIPANT | K209: FORMATION | L209: DATE FORMATION | M209: CHÉQUE | N209: MONTANT TOTAL HT | O209: MONTANT TOTAL TTC | P209: NUMÉRO DE FACTURE | Q209: REFERENCE CLIENT | R209: DATE ENVOI FACTURE ET FEUILLE DE PRÉSENCE | S209: DATE RECEPTION CHÉQUE | T209: RESTE A RECEVOIR | U209: FORMATEUR | V209: REMARQUE
A210: AGEFICE SANDRINE 2017 | O210: =IF(OR(B210="R",B210="Refusé"),0,(N210*1.2)) -> 0 | R210: 42668 | T210: =IF(ISBLANK($S210),O210,0) -> 0
O211: =IF(OR(B211="R",B211="Refusé"),0,(N211*1.2)) -> 0 | T211: =IF(ISBLANK($S211),O211,0) -> 0
O212: =IF(OR(B212="R",B212="Refusé"),0,(N212*1.2)) -> 0 | T212: =IF(ISBLANK($S212),O212,0) -> 0
O213: =IF(OR(B213="R",B213="Refusé"),0,(N213*1.2)) -> 0 | T213: =IF(ISBLANK($S213),O213,0) -> 0
O214: =IF(OR(B214="R",B214="Refusé"),0,(N214*1.2)) -> 0 | T214: =IF(ISBLANK($S214),O214,0) -> 0
O215: =IF(OR(B215="R",B215="Refusé"),0,(N215*1.2)) -> 0 | T215: =IF(ISBLANK($S215),O215,0) -> 0
O216: =IF(OR(B216="R",B216="Refusé"),0,(N216*1.2)) -> 0 | T216: =IF(ISBLANK($S216),O216,0) -> 0
O217: =IF(OR(B217="R",B217="Refusé"),0,(N217*1.2)) -> 0 | T217: =IF(ISBLANK($S217),O217,0) -> 0
O218: =IF(OR(B218="R",B218="Refusé"),0,(N218*1.2)) -> 0 | T218: =IF(ISBLANK($S218),O218,0) -> 0
O219: =IF(OR(B219="R",B219="Refusé"),0,(N219*1.2)) -> 0 | T219: =IF(ISBLANK($S219),O219,0) -> 0
O220: =IF(OR(B220="R",B220="Refusé"),0,(N220*1.2)) -> 0 | T220: =IF(ISBLANK($S220),O220,0) -> 0
O221: =IF(OR(B221="R",B221="Refusé"),0,(N221*1.2)) -> 0 | T221: =IF(ISBLANK($S221),O221,0) -> 0
O222: =IF(OR(B222="R",B222="Refusé"),0,(N222*1.2)) -> 0 | T222: =IF(ISBLANK($S222),O222,0) -> 0
... O307: =IF(OR(B307="R",B307="Refusé"),0,(N307*1.2)) -> 0 | T307: =IF(ISBLANK($S307),O307,0) -> 0
B308: Total | N308: =SUBTOTAL(109,N210:N307) -> 0 | O308: =SUBTOTAL(109,O210:O307) -> 0 | T308: =SUBTOTAL(109,T210:T307) -> 0
Q309: MONTANT RECU | R309: =O308-T308 -> 0 | S309: TTC
B313: AGEFICE ALEX 2017
B314: STATUT | C314: MOIS | D314: DATE D'ENVOI | E314: AGENCE | F314: ADRESSE | G314: CODE POSTAL - VILLE | H314: TELEPHONE | I314: MAIL | J314: NOM DU PARTICIPANT | K314: FORMATION | L314: DATE FORMATION | M314: CHÉQUE | N314: MONTANT TOTAL HT | O314: MONTANT TOTAL TTC | P314: NUMÉRO DE FACTURE | Q314: REFERENCE CLIENT | R314: DATE ENVOI FACTURE ET FEUILLE DE PRÉSENCE | S314: DATE RECEPTION CHÉQUE | T314: RESTE A RECEVOIR | U314: FORMATEUR | V314: REMARQUE
A315: AGEFICE ALEX 2017 | O315: =IF(OR(B315="R",B315="Refusé"),0,(N315*1.2)) -> 0 | R315: 42668 | T315: =IF(ISBLANK($S315),O315,0) -> 0
O316: =IF(OR(B316="R",B316="Refusé"),0,(N316*1.2)) -> 0 | T316: =IF(ISBLANK($S316),O316,0) -> 0
O317: =IF(OR(B317="R",B317="Refusé"),0,(N317*1.2)) -> 0 | T317: =IF(ISBLANK($S317),O317,0) -> 0
O318: =IF(OR(B318="R",B318="Refusé"),0,(N318*1.2)) -> 0 | T318: =IF(ISBLANK($S318),O318,0) -> 0
O319: =IF(OR(B319="R",B319="Refusé"),0,(N319*1.2)) -> 0 | T319: =IF(ISBLANK($S319),O319,0) -> 0
O320: =IF(OR(B320="R",B320="Refusé"),0,(N320*1.2)) -> 0 | T320: =IF(ISBLANK($S320),O320,0) -> 0
O321: =IF(OR(B321="R",B321="Refusé"),0,(N321*1.2)) -> 0 | T321: =IF(ISBLANK($S321),O321,0) -> 0
O322: =IF(OR(B322="R",B322="Refusé"),0,(N322*1.2)) -> 0 | T322: =IF(ISBLANK($S322),O322,0) -> 0
O323: =IF(OR(B323="R",B323="Refusé"),0,(N323*1.2)) -> 0 | T323: =IF(ISBLANK($S323),O323,0) -> 0
O324: =IF(OR(B324="R",B324="Refusé"),0,(N324*1.2)) -> 0 | T324: =IF(ISBLANK($S324),O324,0) -> 0
O325: =IF(OR(B325="R",B325="Refusé"),0,(N325*1.2)) -> 0 | T325: =IF(ISBLANK($S325),O325,0) -> 0
O326: =IF(OR(B326="R",B326="Refusé"),0,(N326*1.2)) -> 0 | T326: =IF(ISBLANK($S326),O326,0) -> 0
O327: =IF(OR(B327="R",B327="Refusé"),0,(N327*1.2)) -> 0 | T327: =IF(ISBLANK($S327),O327,0) -> 0
... O412: =IF(OR(B412="R",B412="Refusé"),0,(N412*1.2)) -> 0 | T412: =IF(ISBLANK($S412),O412,0) -> 0
B413: Total | N413: =SUBTOTAL(109,N315:N412) -> 0 | O413: =SUBTOTAL(109,O315:O412) -> 0 | T413: =SUBTOTAL(109,T315:T412) -> 0
Q414: MONTANT RECU | R414: =O413-T413 -> 0 | S414: TTC
N420: TOTAUX DES COMMERCIAUX | P420: DOSSIERS RENTRÉS | Q420: RESTE A RECEVOIR | R420: MONTANT RECU TTC
P421: =O413+O308+O204+Tableau26[[#Totals],[MONTANT TOTAL TTC]] -> 0 | Q421: =T413+T308+T204+Tableau26[[#Totals],[RESTE A RECEVOIR]] -> 0 | R421: =R414+R309+R205+R101 -> 0

Sheet FIFPL
A1: FIFPL ANNIE 2017
B2: STATUT | C2: MOIS | D2: DATE DE MISE EN LIGNE | E2: AGENCE | F2: ADRESSE | G2: CODE POSTAL - VILLE | H2: TELEPHONE | I2: MAIL | J2: NOM DU PARTICIPANT | K2: FORMATION | L2: DATE FORMATION | M2: CHÉQUE | N2: MONTANT TOTAL HT | O2: MONTANT TOTAL TTC | P2: NUMÉRO DE FACTURE | Q2: REFERENCE CLIENT | R2: DATE ENVOI FACTURE ET FEUILLE DE PRÉSENCE | S2: DATE RECEPTION CHÈQUE | T2: RESTE A RECEVOIR | U2: IDENTIFIANTS / MDP | V2: FORMATEUR | W2: REMARQUE
A3: FIFPL ANNIE 2017 | O3: =IF(OR(B3="R",B3="Refusé"),0,(N3*1.2)) -> 0 | T3: =IF(ISBLANK($S3),O3,0) -> 0
O4: =IF(OR(B4="R",B4="Refusé"),0,(N4*1.2)) -> 0 | T4: =IF(ISBLANK($S4),O4,0) -> 0
O5: =IF(OR(B5="R",B5="Refusé"),0,(N5*1.2)) -> 0 | T5: =IF(ISBLANK($S5),O5,0) -> 0
O6: =IF(OR(B6="R",B6="Refusé"),0,(N6*1.2)) -> 0 | T6: =IF(ISBLANK($S6),O6,0) -> 0
O7: =IF(OR(B7="R",B7="Refusé"),0,(N7*1.2)) -> 0 | T7: =IF(ISBLANK($S7),O7,0) -> 0
O8: =IF(OR(B8="R",B8="Refusé"),0,(N8*1.2)) -> 0 | T8: =IF(ISBLANK($S8),O8,0) -> 0
O9: =IF(OR(B9="R",B9="Refusé"),0,(N9*1.2)) -> 0 | T9: =IF(ISBLANK($S9),O9,0) -> 0
O10: =IF(OR(B10="R",B10="Refusé"),0,(N10*1.2)) -> 0 | T10: =IF(ISBLANK($S10),O10,0) -> 0
O11: =IF(OR(B11="R",B11="Refusé"),0,(N11*1.2)) -> 0 | T11: =IF(ISBLANK($S11),O11,0) -> 0
O12: =IF(OR(B12="R",B12="Refusé"),0,(N12*1.2)) -> 0 | T12: =IF(ISBLANK($S12),O12,0) -> 0
O13: =IF(OR(B13="R",B13="Refusé"),0,(N13*1.2)) -> 0 | T13: =IF(ISBLANK($S13),O13,0) -> 0
O14: =IF(OR(B14="R",B14="Refusé"),0,(N14*1.2)) -> 0 | T14: =IF(ISBLANK($S14),O14,0) -> 0
O15: =IF(OR(B15="R",B15="Refusé"),0,(N15*1.2)) -> 0 | T15: =IF(ISBLANK($S15),O15,0) -> 0
... O73: =IF(OR(B73="R",B73="Refusé"),0,(N73*1.2)) -> 0 | T73: =IF(ISBLANK($S73),O73,0) -> 0
O74: =IF(OR(B74="R",B74="Refusé"),0,(N74*1.2)) -> 0 | R74: 42668 | T74: =IF(ISBLANK($S74),O74,0) -> 0
O75: =IF(OR(B75="R",B75="Refusé"),0,(N75*1.2)) -> 0 | T75: =IF(ISBLANK($S75),O75,0) -> 0
O76: =IF(OR(B76="R",B76="Refusé"),0,(N76*1.2)) -> 0 | T76: =IF(ISBLANK($S76),O76,0) -> 0
O77: =IF(OR(B77="R",B77="Refusé"),0,(N77*1.2)) -> 0 | T77: =IF(ISBLANK($S77),O77,0) -> 0
O78: =IF(OR(B78="R",B78="Refusé"),0,(N78*1.2)) -> 0 | T78: =IF(ISBLANK($S78),O78,0) -> 0
O79: =IF(OR(B79="R",B79="Refusé"),0,(N79*1.2)) -> 0 | T79: =IF(ISBLANK($S79),O79,0) -> 0
O80: =IF(OR(B80="R",B80="Refusé"),0,(N80*1.2)) -> 0 | T80: =IF(ISBLANK($S80),O80,0) -> 0
O81: =IF(OR(B81="R",B81="Refusé"),0,(N81*1.2)) -> 0 | T81: =IF(ISBLANK($S81),O81,0) -> 0
O82: =IF(OR(B82="R",B82="Refusé"),0,(N82*1.2)) -> 0 | T82: =IF(ISBLANK($S82),O82,0) -> 0
O83: =IF(OR(B83="R",B83="Refusé"),0,(N83*1.2)) -> 0 | T83: =IF(ISBLANK($S83),O83,0) -> 0
O84: =IF(OR(B84="R",B84="Refusé"),0,(N84*1.2)) -> 0 | T84: =IF(ISBLANK($S84),O84,0) -> 0
O85: =IF(OR(B85="R",B85="Refusé"),0,(N85*1.2)) -> 0 | T85: =IF(ISBLANK($S85),O85,0) -> 0
O86: =IF(OR(B86="R",B86="Refusé"),0,(N86*1.2)) -> 0 | T86: =IF(ISBLANK($S86),O86,0) -> 0
... O99: =IF(OR(B99="R",B99="Refusé"),0,(N99*1.2)) -> 0 | T99: =IF(ISBLANK($S99),O99,0) -> 0
B100: Total | N100: =SUBTOTAL(109,Tableau269[MONTANT TOTAL HT]) -> 0 | O100: =SUBTOTAL(109,Tableau269[MONTANT TOTAL TTC]) -> 0 | T100: =SUBTOTAL(109,Tableau269[RESTE A RECEVOIR]) -> 0
Q101: MONTANT RECU | R101: =Tableau269[[#Totals],[MONTANT TOTAL TTC]]-Tableau269[[#Totals],[RESTE A RECEVOIR]] -> 0 | S101: TTC
A104: FIFPL MARJE 2017
B105: STATUT | C105: MOIS | D105: DATE DE MISE EN LIGNE | E105: AGENCE | F105: ADRESSE | G105: CODE POSTAL - VILLE | H105: TELEPHONE | I105: MAIL | J105: NOM DU PARTICIPANT | K105: FORMATION | L105: DATE FORMATION | M105: CHÉQUE | N105: MONTANT TOTAL HT | O105: MONTANT TOTAL TTC | P105: NUMÉRO DE FACTURE | Q105: REFERENCE CLIENT | R105: DATE ENVOI FACTURE ET FEUILLE DE PRÉSENCE | S105: DATE RECEPTION CHÈQUE | T105: RESTE A RECEVOIR | U105: IDENTIFIANTS / MDP | V105: FORMATEUR | W105: REMARQUE
A106: FIFPL MARGE 2017 | O106: =IF(OR(B106="R",B106="Refusé"),0,(N106*1.2)) -> 0 | R106: 42668 | T106: =IF(ISBLANK($S106),O106,0) -> 0
O107: =IF(OR(B107="R",B107="Refusé"),0,(N107*1.2)) -> 0 | T107: =IF(ISBLANK($S107),O107,0) -> 0
O108: =IF(OR(B108="R",B108="Refusé"),0,(N108*1.2)) -> 0 | T108: =IF(ISBLANK($S108),O108,0) -> 0
O109: =IF(OR(B109="R",B109="Refusé"),0,(N109*1.2)) -> 0 | T109: =IF(ISBLANK($S109),O109,0) -> 0
O110: =IF(OR(B110="R",B110="Refusé"),0,(N110*1.2)) -> 0 | T110: =IF(ISBLANK($S110),O110,0) -> 0
O111: =IF(OR(B111="R",B111="Refusé"),0,(N111*1.2)) -> 0 | T111: =IF(ISBLANK($S111),O111,0) -> 0
O112: =IF(OR(B112="R",B112="Refusé"),0,(N112*1.2)) -> 0 | T112: =IF(ISBLANK($S112),O112,0) -> 0
O113: =IF(OR(B113="R",B113="Refusé"),0,(N113*1.2)) -> 0 | T113: =IF(ISBLANK($S113),O113,0) -> 0
O114: =IF(OR(B114="R",B114="Refusé"),0,(N114*1.2)) -> 0 | T114: =IF(ISBLANK($S114),O114,0) -> 0
O115: =IF(OR(B115="R",B115="Refusé"),0,(N115*1.2)) -> 0 | T115: =IF(ISBLANK($S115),O115,0) -> 0
O116: =IF(OR(B116="R",B116="Refusé"),0,(N116*1.2)) -> 0 | T116: =IF(ISBLANK($S116),O116,0) -> 0
O117: =IF(OR(B117="R",B117="Refusé"),0,(N117*1.2)) -> 0 | T117: =IF(ISBLANK($S117),O117,0) -> 0
O118: =IF(OR(B118="R",B118="Refusé"),0,(N118*1.2)) -> 0 | T118: =IF(ISBLANK($S118),O118,0) -> 0
... O202: =IF(OR(B202="R",B202="Refusé"),0,(N202*1.2)) -> 0 | T202: =IF(ISBLANK($S202),O202,0) -> 0
B203: Total | N203: =SUM(N106:N202) -> 0 | O203: =SUM(O106:O202) -> 0 | T203: =SUM(T106:T202) -> 0
Q204: MONTANT RECU | R204: =O203-T203 -> 0 | S204: TTC
A207: FIFPL SANDRINE 2017
B208: STATUT | C208: MOIS | D208: DATE DE MISE EN LIGNE | E208: AGENCE | F208: ADRESSE | G208: CODE POSTAL - VILLE | H208: TELEPHONE | I208: MAIL | J208: NOM DU PARTICIPANT | K208: FORMATION | L208: DATE FORMATION | M208: CHÉQUE | N208: MONTANT TOTAL HT | O208: MONTANT TOTAL TTC | P208: NUMÉRO DE FACTURE | Q208: REFERENCE CLIENT | R208: DATE ENVOI FACTURE ET FEUILLE DE PRÉSENCE | S208: DATE RECEPTION CHÈQUE | T208: RESTE A RECEVOIR | U208: IDENTIFIANTS / MDP | V208: FORMATEUR | W208: REMARQUE
A209: FIFPL SANDRINE 2017 | O209: =IF(OR(B209="R",B209="Refusé"),0,(N209*1.2)) -> 0 | R209: 42668 | T209: =IF(ISBLANK($S209),O209,0) -> 0
O210: =IF(OR(B210="R",B210="Refusé"),0,(N210*1.2)) -> 0 | T210: =IF(ISBLANK($S210),O210,0) -> 0
O211: =IF(OR(B211="R",B211="Refusé"),0,(N211*1.2)) -> 0 | T211: =IF(ISBLANK($S211),O211,0) -> 0
O212: =IF(OR(B212="R",B212="Refusé"),0,(N212*1.2)) -> 0 | T212: =IF(ISBLANK($S212),O212,0) -> 0
O213: =IF(OR(B213="R",B213="Refusé"),0,(N213*1.2)) -> 0 | T213: =IF(ISBLANK($S213),O213,0) -> 0
O214: =IF(OR(B214="R",B214="Refusé"),0,(N214*1.2)) -> 0 | T214: =IF(ISBLANK($S214),O214,0) -> 0
O215: =IF(OR(B215="R",B215="Refusé"),0,(N215*1.2)) -> 0 | T215: =IF(ISBLANK($S215),O215,0) -> 0
O216: =IF(OR(B216="R",B216="Refusé"),0,(N216*1.2)) -> 0 | T216: =IF(ISBLANK($S216),O216,0) -> 0
O217: =IF(OR(B217="R",B217="Refusé"),0,(N217*1.2)) -> 0 | T217: =IF(ISBLANK($S217),O217,0) -> 0
O218: =IF(OR(B218="R",B218="Refusé"),0,(N218*1.2)) -> 0 | T218: =IF(ISBLANK($S218),O218,0) -> 0
O219: =IF(OR(B219="R",B219="Refusé"),0,(N219*1.2)) -> 0 | T219: =IF(ISBLANK($S219),O219,0) -> 0
O220: =IF(OR(B220="R",B220="Refusé"),0,(N220*1.2)) -> 0 | T220: =IF(ISBLANK($S220),O220,0) -> 0
O221: =IF(OR(B221="R",B221="Refusé"),0,(N221*1.2)) -> 0 | T221: =IF(ISBLANK($S221),O221,0) -> 0
... O305: =IF(OR(B305="R",B305="Refusé"),0,(N305*1.2)) -> 0 | T305: =IF(ISBLANK($S305),O305,0) -> 0
B306: Total | N306: =SUBTOTAL(109,Tableau26410[MONTANT TOTAL HT]) -> 0 | O306: =SUBTOTAL(109,Tableau26410[MONTANT TOTAL TTC]) -> 0 | T306: =SUBTOTAL(109,Tableau26410[RESTE A RECEVOIR]) -> 0
Q307: MONTANT RECU | R307: =Tableau26410[[#Totals],[MONTANT TOTAL TTC]]-Tableau26410[[#Totals],[RESTE A RECEVOIR]] -> 0 | S307: TTC
A310: FIFPL ALEX 2017
B311: STATUT | C311: MOIS | D311: DATE DE MISE EN LIGNE | E311: AGENCE | F311: ADRESSE | G311: CODE POSTAL - VILLE | H311: TELEPHONE | I311: MAIL | J311: NOM DU PARTICIPANT | K311: FORMATION | L311: DATE FORMATION | M311: CHÉQUE | N311: MONTANT TOTAL HT | O311: MONTANT TOTAL TTC | P311: NUMÉRO DE FACTURE | Q311: REFERENCE CLIENT | R311: DATE ENVOI FACTURE ET FEUILLE DE PRÉSENCE | S311: DATE RECEPTION CHÈQUE | T311: RESTE A RECEVOIR | U311: IDENTIFIANTS / MDP | V311: FORMATEUR | W311: REMARQUE
A312: FIFPL ALEX 2017 | O312: =IF(OR(B312="R",B312="Refusé"),0,(N312*1.2)) -> 0 | R312: 42668 | T312: =IF(ISBLANK($S312),O312,0) -> 0
O313: =IF(OR(B313="R",B313="Refusé"),0,(N313*1.2)) -> 0 | T313: =IF(ISBLANK($S313),O313,0) -> 0
O314: =IF(OR(B314="R",B314="Refusé"),0,(N314*1.2)) -> 0 | T314: =IF(ISBLANK($S314),O314,0) -> 0
O315: =IF(OR(B315="R",B315="Refusé"),0,(N315*1.2)) -> 0 | T315: =IF(ISBLANK($S315),O315,0) -> 0
O316: =IF(OR(B316="R",B316="Refusé"),0,(N316*1.2)) -> 0 | T316: =IF(ISBLANK($S316),O316,0) -> 0
O317: =IF(OR(B317="R",B317="Refusé"),0,(N317*1.2)) -> 0 | T317: =IF(ISBLANK($S317),O317,0) -> 0
O318: =IF(OR(B318="R",B318="Refusé"),0,(N318*1.2)) -> 0 | T318: =IF(ISBLANK($S318),O318,0) -> 0
O319: =IF(OR(B319="R",B319="Refusé"),0,(N319*1.2)) -> 0 | T319: =IF(ISBLANK($S319),O319,0) -> 0
O320: =IF(OR(B320="R",B320="Refusé"),0,(N320*1.2)) -> 0 | T320: =IF(ISBLANK($S320),O320,0) -> 0
O321: =IF(OR(B321="R",B321="Refusé"),0,(N321*1.2)) -> 0 | T321: =IF(ISBLANK($S321),O321,0) -> 0
O322: =IF(OR(B322="R",B322="Refusé"),0,(N322*1.2)) -> 0 | T322: =IF(ISBLANK($S322),O322,0) -> 0
O323: =IF(OR(B323="R",B323="Refusé"),0,(N323*1.2)) -> 0 | T323: =IF(ISBLANK($S323),O323,0) -> 0
O324: =IF(OR(B324="R",B324="Refusé"),0,(N324*1.2)) -> 0 | T324: =IF(ISBLANK($S324),O324,0) -> 0
... O407: =IF(OR(B407="R",B407="Refusé"),0,(N407*1.2)) -> 0 | T407: =IF(ISBLANK($S407),O407,0) -> 0
O408: =IF(OR(B408="R",B408="Refusé"),0,(N408*1.2)) -> 0 | R408: 42668 | T408: =IF(ISBLANK($S408),O408,0) -> 0
B409: Total | N409: =SUBTOTAL(109,Tableau2641023[MONTANT TOTAL HT]) -> 0 | O409: =SUBTOTAL(109,Tableau2641023[MONTANT TOTAL TTC]) -> 0 | T409: =SUBTOTAL(109,Tableau2641023[RESTE A RECEVOIR]) -> 0
Q410: MONTANT RECU | R410: =Tableau2641023[[#Totals],[MONTANT TOTAL TTC]]-Tableau2641023[[#Totals],[RESTE A RECEVOIR]] -> 0 | S410: TTC
N416: TOTAUX DES COMMERCIAUX | P416: DOSSIERS RENTRÉS | Q416: RESTE A RECEVOIR | R416: MONTANT RECU TTC
P417: =Tableau2641023[[#Totals],[MONTANT TOTAL TTC]]+Tableau26410[[#Totals],[MONTANT TOTAL TTC]]+O203+Tableau269[[#Totals],[MONTANT TOTAL TTC]] -> 0 | Q417: =Tableau2641023[[#Totals],[RESTE A RECEVOIR]]+Tableau26410[[#Totals],[RESTE A RECEVOIR]]+T203+Tableau269[[#Totals],[RESTE A RECEVOIR]] -> 0 | R417: =R410+R307+R204+R101 -> 0

Sheet PAIEMENT DIRECT 
A1: PAIEMENT DIRECT ANNIE | B1: PAIEMENT DIRECT 2017
B2: STATUT | C2: MOIS | D2: AGENCE | E2: ADRESSE | F2: CODE POSTAL - VILLE | G2: TELEPHONE | H2: MAIL | I2: NOM DU PARTICIPANT | J2: FORMATION | K2: DATE DE FORMATION | L2: CHÉQUE | M2: MONTANT TOTAL HT | N2: MONTANT TOTAL TTC | O2: NUMÉRO DE FACTURE | P2: REFERENCE CLIENT | Q2: DATE RECEPTION CHÈQUE | R2: RESTE A RECEVOIR TTC | S2: FORMATEUR | T2: REMARQUE
A3: PAIEMENT DIRECT ANNIE 2017 | N3: =IF(OR(B3="R",B3="Refusé"),0,(M3*1.2)) -> 0 | R3: =IF(ISBLANK($Q3),N3,0) -> 0
N4: =IF(OR(B4="R",B4="Refusé"),0,(M4*1.2)) -> 0 | R4: =IF(ISBLANK($Q4),N4,0) -> 0
N5: =IF(OR(B5="R",B5="Refusé"),0,(M5*1.2)) -> 0 | R5: =IF(ISBLANK($Q5),N5,0) -> 0
N6: =IF(OR(B6="R",B6="Refusé"),0,(M6*1.2)) -> 0 | R6: =IF(ISBLANK($Q6),N6,0) -> 0
N7: =IF(OR(B7="R",B7="Refusé"),0,(M7*1.2)) -> 0 | R7: =IF(ISBLANK($Q7),N7,0) -> 0
N8: =IF(OR(B8="R",B8="Refusé"),0,(M8*1.2)) -> 0 | R8: =IF(ISBLANK($Q8),N8,0) -> 0
N9: =IF(OR(B9="R",B9="Refusé"),0,(M9*1.2)) -> 0 | R9: =IF(ISBLANK($Q9),N9,0) -> 0
N10: =IF(OR(B10="R",B10="Refusé"),0,(M10*1.2)) -> 0 | R10: =IF(ISBLANK($Q10),N10,0) -> 0
N11: =IF(OR(B11="R",B11="Refusé"),0,(M11*1.2)) -> 0 | R11: =IF(ISBLANK($Q11),N11,0) -> 0
N12: =IF(OR(B12="R",B12="Refusé"),0,(M12*1.2)) -> 0 | R12: =IF(ISBLANK($Q12),N12,0) -> 0
N13: =IF(OR(B13="R",B13="Refusé"),0,(M13*1.2)) -> 0 | R13: =IF(ISBLANK($Q13),N13,0) -> 0
N14: =IF(OR(B14="R",B14="Refusé"),0,(M14*1.2)) -> 0 | R14: =IF(ISBLANK($Q14),N14,0) -> 0
N15: =IF(OR(B15="R",B15="Refusé"),0,(M15*1.2)) -> 0 | R15: =IF(ISBLANK($Q15),N15,0) -> 0
... N28: =IF(OR(B28="R",B28="Refusé"),0,(M28*1.2)) -> 0 | R28: =IF(ISBLANK($Q28),N28,0) -> 0
B29: Total | M29: =SUBTOTAL(109,Tableau112[MONTANT TOTAL HT]) -> 0 | N29: =SUBTOTAL(109,Tableau112[MONTANT TOTAL TTC]) -> 0 | R29: =SUBTOTAL(109,Tableau112[RESTE A RECEVOIR TTC]) -> 0
O30: MONTANT RECU | P30: =N29-R29 -> 0 | Q30: TTC
B33: PAIEMENT DIRECT MARGE
A34: PAIEMENT DIRECT MARJE 2017 | B34: STATUT | C34: MOIS | D34: AGENCE | E34: ADRESSE | F34: CODE POSTAL - VILLE | G34: TELEPHONE | H34: MAIL | I34: NOM DU PARTICIPANT | J34: FORMATION | K34: DATE DE FORMATION | L34: CHÉQUE | M34: MONTANT TOTAL HT | N34: MONTANT TOTAL TTC | O34: NUMÉRO DE FACTURE | P34: REFERENCE CLIENT | Q34: DATE RECEPTION CHÈQUE | R34: RESTE A RECEVOIR TTC | S34: FORMATEUR | T34: REMARQUE
N35: =IF(OR(B35="R",B35="Refusé"),0,(M35*1.2)) -> 0 | R35: =IF(ISBLANK($Q35),N35,0) -> 0
N36: =IF(OR(B36="R",B36="Refusé"),0,(M36*1.2)) -> 0 | R36: =IF(ISBLANK($Q36),N36,0) -> 0
N37: =IF(OR(B37="R",B37="Refusé"),0,(M37*1.2)) -> 0 | R37: =IF(ISBLANK($Q37),N37,0) -> 0
N38: =IF(OR(B38="R",B38="Refusé"),0,(M38*1.2)) -> 0 | R38: =IF(ISBLANK($Q38),N38,0) -> 0
N39: =IF(OR(B39="R",B39="Refusé"),0,(M39*1.2)) -> 0 | R39: =IF(ISBLANK($Q39),N39,0) -> 0
N40: =IF(OR(B40="R",B40="Refusé"),0,(M40*1.2)) -> 0 | R40: =IF(ISBLANK($Q40),N40,0) -> 0
N41: =IF(OR(B41="R",B41="Refusé"),0,(M41*1.2)) -> 0 | R41: =IF(ISBLANK($Q41),N41,0) -> 0
N42: =IF(OR(B42="R",B42="Refusé"),0,(M42*1.2)) -> 0 | R42: =IF(ISBLANK($Q42),N42,0) -> 0
N43: =IF(OR(B43="R",B43="Refusé"),0,(M43*1.2)) -> 0 | R43: =IF(ISBLANK($Q43),N43,0) -> 0
N44: =IF(OR(B44="R",B44="Refusé"),0,(M44*1.2)) -> 0 | R44: =IF(ISBLANK($Q44),N44,0) -> 0
N45: =IF(OR(B45="R",B45="Refusé"),0,(M45*1.2)) -> 0 | R45: =IF(ISBLANK($Q45),N45,0) -> 0
N46: =IF(OR(B46="R",B46="Refusé"),0,(M46*1.2)) -> 0 | R46: =IF(ISBLANK($Q46),N46,0) -> 0
... N60: =IF(OR(B60="R",B60="Refusé"),0,(M60*1.2)) -> 0 | R60: =IF(ISBLANK($Q60),N60,0) -> 0
B61: Total | M61: =SUBTOTAL(109,M35:M60) -> 0 | N61: =IF(OR(B61="R",B61="Refusé"),0,(M61*1.2)) -> 0 | R61: =SUBTOTAL(109,R35:R60) -> 0
O62: MONTANT RECU | P62: =N61-R61 -> 0 | Q62: TTC
B65: PAIEMENT DIRECT SANDRINE
A66: PAIEMENT DIRECT SANDRINE 2017 | B66: STATUT | C66: MOIS | D66: AGENCE | E66: ADRESSE | F66: CODE POSTAL - VILLE | G66: TELEPHONE | H66: MAIL | I66: NOM DU PARTICIPANT | J66: FORMATION | K66: DATE DE FORMATION | L66: CHÉQUE | M66: MONTANT TOTAL HT | N66: MONTANT TOTAL TTC | O66: NUMÉRO DE FACTURE | P66: REFERENCE CLIENT | Q66: DATE RECEPTION CHÈQUE | R66: RESTE A RECEVOIR TTC | S66: FORMATEUR | T66: REMARQUE
N67: =IF(OR(B67="R",B67="Refusé"),0,(M67*1.2)) -> 0 | R67: =IF(ISBLANK($Q67),N67,0) -> 0
N68: =IF(OR(B68="R",B68="Refusé"),0,(M68*1.2)) -> 0 | R68: =IF(ISBLANK($Q68),N68,0) -> 0
N69: =IF(OR(B69="R",B69="Refusé"),0,(M69*1.2)) -> 0 | R69: =IF(ISBLANK($Q69),N69,0) -> 0
N70: =IF(OR(B70="R",B70="Refusé"),0,(M70*1.2)) -> 0 | R70: =IF(ISBLANK($Q70),N70,0) -> 0
N71: =IF(OR(B71="R",B71="Refusé"),0,(M71*1.2)) -> 0 | R71: =IF(ISBLANK($Q71),N71,0) -> 0
N72: =IF(OR(B72="R",B72="Refusé"),0,(M72*1.2)) -> 0 | R72: =IF(ISBLANK($Q72),N72,0) -> 0
N73: =IF(OR(B73="R",B73="Refusé"),0,(M73*1.2)) -> 0 | R73: =IF(ISBLANK($Q73),N73,0) -> 0
N74: =IF(OR(B74="R",B74="Refusé"),0,(M74*1.2)) -> 0 | R74: =IF(ISBLANK($Q74),N74,0) -> 0
N75: =IF(OR(B75="R",B75="Refusé"),0,(M75*1.2)) -> 0 | R75: =IF(ISBLANK($Q75),N75,0) -> 0
N76: =IF(OR(B76="R",B76="Refusé"),0,(M76*1.2)) -> 0 | R76: =IF(ISBLANK($Q76),N76,0) -> 0
N77: =IF(OR(B77="R",B77="Refusé"),0,(M77*1.2)) -> 0 | R77: =IF(ISBLANK($Q77),N77,0) -> 0
N78: =IF(OR(B78="R",B78="Refusé"),0,(M78*1.2)) -> 0 | R78: =IF(ISBLANK($Q78),N78,0) -> 0
... N91: =IF(OR(B91="R",B91="Refusé"),0,(M91*1.2)) -> 0 | R91: =IF(ISBLANK($Q91),N91,0) -> 0
B92: Total | M92: =SUBTOTAL(109,M67:M91) -> 0 | N92: =IF(OR(C92="Refuse",C92="Refusé"),0,(M92*1.2)) -> 0 | R92: =SUBTOTAL(109,R67:R91) -> 0
O93: MONTANT RECU | P93: =N92-R92 -> 0 | Q93: TTC
B97: PAIEMENT DIRECT ALEX
A98: PAIEMENT DIRECT ALEX 2017 | B98: STATUT | C98: MOIS | D98: AGENCE | E98: ADRESSE | F98: CODE POSTAL - VILLE | G98: TELEPHONE | H98: MAIL | I98: NOM DU PARTICIPANT | J98: FORMATION | K98: DATE DE FORMATION | L98: CHÉQUE | M98: MONTANT TOTAL HT | N98: MONTANT TOTAL TTC | O98: NUMÉRO DE FACTURE | P98: REFERENCE CLIENT | Q98: DATE RECEPTION CHÈQUE | R98: RESTE A RECEVOIR TTC | S98: FORMATEUR | T98: REMARQUE
N99: =IF(OR(B99="R",B99="Refusé"),0,(M99*1.2)) -> 0 | R99: =IF(ISBLANK($Q99),N99,0) -> 0
N100: =IF(OR(B100="R",B100="Refusé"),0,(M100*1.2)) -> 0 | R100: =IF(ISBLANK($Q100),N100,0) -> 0
N101: =IF(OR(B101="R",B101="Refusé"),0,(M101*1.2)) -> 0 | R101: =IF(ISBLANK($Q101),N101,0) -> 0
N102: =IF(OR(B102="R",B102="Refusé"),0,(M102*1.2)) -> 0 | R102: =IF(ISBLANK($Q102),N102,0) -> 0
N103: =IF(OR(B103="R",B103="Refusé"),0,(M103*1.2)) -> 0 | R103: =IF(ISBLANK($Q103),N103,0) -> 0
N104: =IF(OR(B104="R",B104="Refusé"),0,(M104*1.2)) -> 0 | R104: =IF(ISBLANK($Q104),N104,0) -> 0
N105: =IF(OR(B105="R",B105="Refusé"),0,(M105*1.2)) -> 0 | R105: =IF(ISBLANK($Q105),N105,0) -> 0
N106: =IF(OR(B106="R",B106="Refusé"),0,(M106*1.2)) -> 0 | R106: =IF(ISBLANK($Q106),N106,0) -> 0
N107: =IF(OR(B107="R",B107="Refusé"),0,(M107*1.2)) -> 0 | R107: =IF(ISBLANK($Q107),N107,0) -> 0
N108: =IF(OR(B108="R",B108="Refusé"),0,(M108*1.2)) -> 0 | R108: =IF(ISBLANK($Q108),N108,0) -> 0
N109: =IF(OR(B109="R",B109="Refusé"),0,(M109*1.2)) -> 0 | R109: =IF(ISBLANK($Q109),N109,0) -> 0
N110: =IF(OR(B110="R",B110="Refusé"),0,(M110*1.2)) -> 0 | R110: =IF(ISBLANK($Q110),N110,0) -> 0
... N123: =IF(OR(B123="R",B123="Refusé"),0,(M123*1.2)) -> 0 | R123: =IF(ISBLANK($Q123),N123,0) -> 0
B124: Total | M124: =SUBTOTAL(109,M99:M123) -> 0 | N124: =IF(OR(C124="Refuse",C124="Refusé"),0,(M124*1.2)) -> 0 | R124: =SUBTOTAL(109,R99:R123) -> 0
O125: MONTANT RECU | P125: =N124-R124 -> 0 | Q125: TTC
M128: TOTAUX DES COMMERCIAUX | O128: DOSSIERS RENTRÉS | P128: RESTE A RECEVOIR | Q128: MONTANT RECU TTC
O129: =N124+N92+N61+Tableau112[[#Totals],[MONTANT TOTAL TTC]] -> 0 | P129: =R124+R92+R61+Tableau112[[#Totals],[RESTE A RECEVOIR TTC]] -> 0 | Q129: =P125+P93+P62+P30 -> 0

Sheet AUTRE CAS
A1: AUTRE CAS ANNIE 2017
B2: STATUT | C2: MOIS | D2: DATE D'ENVOI | E2: ORGANISME | F2: AGENCE | G2: ADRESSE | H2: CODE POSTAL - VILLE | I2: TELEPHONE | J2: MAIL | K2: NOM DU PARTICIPANT | L2: FORMATION | M2: DATE FORMATION | N2: CHÉQUE | O2: MONTANT TOTAL HT | P2: MONTANT TOTAL TTC | Q2: NUMÉRO DE FACTURE | R2: REFERENCE CLIENT | S2: DATE ENVOI FACTURE ET FEUILLE DE PRÉSENCE | T2: DATE RECEPTION CHÉQUE | U2: RESTE A RECEVOIR | V2: FORMATEUR | W2: REMARQUE
A3: AUTRE CAS ANNIE 2017 | P3: =IF(OR(B3="R",B3="Refusé"),0,(O3*1.2)) -> 0 | S3: 42668 | U3: =IF(ISBLANK($T3),P3,0) -> 0
P4: =IF(OR(B4="R",B4="Refusé"),0,(O4*1.2)) -> 0 | U4: =IF(ISBLANK($T4),P4,0) -> 0
P5: =IF(OR(B5="R",B5="Refusé"),0,(O5*1.2)) -> 0 | U5: =IF(ISBLANK($T5),P5,0) -> 0
P6: =IF(OR(B6="R",B6="Refusé"),0,(O6*1.2)) -> 0 | U6: =IF(ISBLANK($T6),P6,0) -> 0
P7: =IF(OR(B7="R",B7="Refusé"),0,(O7*1.2)) -> 0 | U7: =IF(ISBLANK($T7),P7,0) -> 0
P8: =IF(OR(B8="R",B8="Refusé"),0,(O8*1.2)) -> 0 | U8: =IF(ISBLANK($T8),P8,0) -> 0
P9: =IF(OR(B9="R",B9="Refusé"),0,(O9*1.2)) -> 0 | U9: =IF(ISBLANK($T9),P9,0) -> 0
P10: =IF(OR(B10="R",B10="Refusé"),0,(O10*1.2)) -> 0 | U10: =IF(ISBLANK($T10),P10,0) -> 0
P11: =IF(OR(B11="R",B11="Refusé"),0,(O11*1.2)) -> 0 | U11: =IF(ISBLANK($T11),P11,0) -> 0
P12: =IF(OR(B12="R",B12="Refusé"),0,(O12*1.2)) -> 0 | U12: =IF(ISBLANK($T12),P12,0) -> 0
P13: =IF(OR(B13="R",B13="Refusé"),0,(O13*1.2)) -> 0 | U13: =IF(ISBLANK($T13),P13,0) -> 0
P14: =IF(OR(B14="R",B14="Refusé"),0,(O14*1.2)) -> 0 | U14: =IF(ISBLANK($T14),P14,0) -> 0
P15: =IF(OR(B15="R",B15="Refusé"),0,(O15*1.2)) -> 0 | U15: =IF(ISBLANK($T15),P15,0) -> 0
... P99: =IF(OR(B99="R",B99="Refusé"),0,(O99*1.2)) -> 0 | U99: =IF(ISBLANK($T99),P99,0) -> 0
B100: Total | O100: =SUBTOTAL(109,Tableau262[MONTANT TOTAL HT]) -> 0 | P100: =SUBTOTAL(109,Tableau262[MONTANT TOTAL TTC]) -> 0 | U100: =SUBTOTAL(109,Tableau262[RESTE A RECEVOIR]) -> 0
R101: MONTANT RECU | S101: =Tableau262[[#Totals],[MONTANT TOTAL TTC]]-Tableau262[[#Totals],[RESTE A RECEVOIR]] -> 0 | T101: TTC
A104: AUTRE CAS MARJE 2017
B105: STATUT | C105: MOIS | D105: DATE D'ENVOI | E105: ORGANISME | F105: AGENCE | G105: ADRESSE | H105: CODE POSTAL - VILLE | I105: TELEPHONE | J105: MAIL | K105: NOM DU PARTICIPANT | L105: FORMATION | M105: DATE FORMATION | N105: CHÉQUE | O105: MONTANT TOTAL HT | P105: MONTANT TOTAL TTC | Q105: NUMÉRO DE FACTURE | R105: REFERENCE CLIENT | S105: DATE ENVOI FACTURE ET FEUILLE DE PRÉSENCE | T105: DATE RECEPTION CHÉQUE | U105: RESTE A RECEVOIR | V105: FORMATEUR | W105: REMARQUE
A106: AUTRE MARGE 2017 | P106: =IF(OR(B106="R",B106="Refusé"),0,(O106*1.2)) -> 0 | S106: 42668 | U106: =IF(ISBLANK($T106),P106,0) -> 0
P107: =IF(OR(B107="R",B107="Refusé"),0,(O107*1.2)) -> 0 | U107: =IF(ISBLANK($T107),P107,0) -> 0
P108: =IF(OR(B108="R",B108="Refusé"),0,(O108*1.2)) -> 0 | U108: =IF(ISBLANK($T108),P108,0) -> 0
P109: =IF(OR(B109="R",B109="Refusé"),0,(O109*1.2)) -> 0 | U109: =IF(ISBLANK($T109),P109,0) -> 0
P110: =IF(OR(B110="R",B110="Refusé"),0,(O110*1.2)) -> 0 | U110: =IF(ISBLANK($T110),P110,0) -> 0
P111: =IF(OR(B111="R",B111="Refusé"),0,(O111*1.2)) -> 0 | U111: =IF(ISBLANK($T111),P111,0) -> 0
P112: =IF(OR(B112="R",B112="Refusé"),0,(O112*1.2)) -> 0 | U112: =IF(ISBLANK($T112),P112,0) -> 0
P113: =IF(OR(B113="R",B113="Refusé"),0,(O113*1.2)) -> 0 | U113: =IF(ISBLANK($T113),P113,0) -> 0
P114: =IF(OR(B114="R",B114="Refusé"),0,(O114*1.2)) -> 0 | U114: =IF(ISBLANK($T114),P114,0) -> 0
P115: =IF(OR(B115="R",B115="Refusé"),0,(O115*1.2)) -> 0 | U115: =IF(ISBLANK($T115),P115,0) -> 0
P116: =IF(OR(B116="R",B116="Refusé"),0,(O116*1.2)) -> 0 | U116: =IF(ISBLANK($T116),P116,0) -> 0
P117: =IF(OR(B117="R",B117="Refusé"),0,(O117*1.2)) -> 0 | U117: =IF(ISBLANK($T117),P117,0) -> 0
P118: =IF(OR(B118="R",B118="Refusé"),0,(O118*1.2)) -> 0 | U118: =IF(ISBLANK($T118),P118,0) -> 0
... P202: =IF(OR(B202="R",B202="Refusé"),0,(O202*1.2)) -> 0 | U202: =IF(ISBLANK($T202),P202,0) -> 0
B203: Total | O203: =SUBTOTAL(109,Tableau26211[MONTANT TOTAL HT]) -> 0 | P203: =SUBTOTAL(109,Tableau26211[MONTANT TOTAL TTC]) -> 0 | U203: =SUBTOTAL(109,Tableau26211[RESTE A RECEVOIR]) -> 0
R204: MONTANT RECU | S204: =+Tableau26211[[#Totals],[MONTANT TOTAL TTC]]-Tableau26211[[#Totals],[RESTE A RECEVOIR]] -> 0 | T204: TTC
A207: AUTRE CAS SANDRINE 2017
B208: STATUT | C208: MOIS | D208: DATE D'ENVOI | E208: ORGANISME | F208: AGENCE | G208: ADRESSE | H208: CODE POSTAL - VILLE | I208: TELEPHONE | J208: MAIL | K208: NOM DU PARTICIPANT | L208: FORMATION | M208: DATE FORMATION | N208: CHÉQUE | O208: MONTANT TOTAL HT | P208: MONTANT TOTAL TTC | Q208: NUMÉRO DE FACTURE | R208: REFERENCE CLIENT | S208: DATE ENVOI FACTURE ET FEUILLE DE PRÉSENCE | T208: DATE RECEPTION CHÉQUE | U208: RESTE A RECEVOIR | V208: FORMATEUR | W208: REMARQUE
A209: AUTRE SANDRINE 2017 | P209: =IF(OR(B209="R",B209="Refusé"),0,(O209*1.2)) -> 0 | S209: 42668 | U209: =IF(ISBLANK($T209),P209,0) -> 0
P210: =IF(OR(B210="R",B210="Refusé"),0,(O210*1.2)) -> 0 | U210: =IF(ISBLANK($T210),P210,0) -> 0
P211: =IF(OR(B211="R",B211="Refusé"),0,(O211*1.2)) -> 0 | U211: =IF(ISBLANK($T211),P211,0) -> 0
P212: =IF(OR(B212="R",B212="Refusé"),0,(O212*1.2)) -> 0 | U212: =IF(ISBLANK($T212),P212,0) -> 0
P213: =IF(OR(B213="R",B213="Refusé"),0,(O213*1.2)) -> 0 | U213: =IF(ISBLANK($T213),P213,0) -> 0
P214: =IF(OR(B214="R",B214="Refusé"),0,(O214*1.2)) -> 0 | U214: =IF(ISBLANK($T214),P214,0) -> 0
P215: =IF(OR(B215="R",B215="Refusé"),0,(O215*1.2)) -> 0 | U215: =IF(ISBLANK($T215),P215,0) -> 0
P216: =IF(OR(B216="R",B216="Refusé"),0,(O216*1.2)) -> 0 | U216: =IF(ISBLANK($T216),P216,0) -> 0
P217: =IF(OR(B217="R",B217="Refusé"),0,(O217*1.2)) -> 0 | U217: =IF(ISBLANK($T217),P217,0) -> 0
P218: =IF(OR(B218="R",B218="Refusé"),0,(O218*1.2)) -> 0 | U218: =IF(ISBLANK($T218),P218,0) -> 0
P219: =IF(OR(B219="R",B219="Refusé"),0,(O219*1.2)) -> 0 | U219: =IF(ISBLANK($T219),P219,0) -> 0
P220: =IF(OR(B220="R",B220="Refusé"),0,(O220*1.2)) -> 0 | U220: =IF(ISBLANK($T220),P220,0) -> 0
P221: =IF(OR(B221="R",B221="Refusé"),0,(O221*1.2)) -> 0 | U221: =IF(ISBLANK($T221),P221,0) -> 0
... P305: =IF(OR(B305="R",B305="Refusé"),0,(O305*1.2)) -> 0 | U305: =IF(ISBLANK($T305),P305,0) -> 0
B306: Total | O306: =SUBTOTAL(109,O209:O305) -> 0 | P306: =SUBTOTAL(109,P209:P305) -> 0 | U306: =SUBTOTAL(109,U209:U305) -> 0
R307: MONTANT RECU | S307: =+P306-U306 -> 0 | T307: TTC
A310: AUTRE CAS ALEX 2017
B311: STATUT | C311: MOIS | D311: DATE D'ENVOI | E311: ORGANISME | F311: AGENCE | G311: ADRESSE | H311: CODE POSTAL - VILLE | I311: TELEPHONE | J311: MAIL | K311: NOM DU PARTICIPANT | L311: FORMATION | M311: DATE FORMATION | N311: CHÉQUE | O311: MONTANT TOTAL HT | P311: MONTANT TOTAL TTC | Q311: NUMÉRO DE FACTURE | R311: REFERENCE CLIENT | S311: DATE ENVOI FACTURE ET FEUILLE DE PRÉSENCE | T311: DATE RECEPTION CHÉQUE | U311: RESTE A RECEVOIR | V311: FORMATEUR | W311: REMARQUE
A312: AUTRE ALEX 2017 | P312: =IF(OR(B312="R",B312="Refusé"),0,(O312*1.2)) -> 0 | S312: 42668 | U312: =IF(ISBLANK($T312),P312,0) -> 0
P313: =IF(OR(B313="R",B313="Refusé"),0,(O313*1.2)) -> 0 | U313: =IF(ISBLANK($T313),P313,0) -> 0
P314: =IF(OR(B314="R",B314="Refusé"),0,(O314*1.2)) -> 0 | U314: =IF(ISBLANK($T314),P314,0) -> 0
P315: =IF(OR(B315="R",B315="Refusé"),0,(O315*1.2)) -> 0 | U315: =IF(ISBLANK($T315),P315,0) -> 0
P316: =IF(OR(B316="R",B316="Refusé"),0,(O316*1.2)) -> 0 | U316: =IF(ISBLANK($T316),P316,0) -> 0
P317: =IF(OR(B317="R",B317="Refusé"),0,(O317*1.2)) -> 0 | U317: =IF(ISBLANK($T317),P317,0) -> 0
P318: =IF(OR(B318="R",B318="Refusé"),0,(O318*1.2)) -> 0 | U318: =IF(ISBLANK($T318),P318,0) -> 0
P319: =IF(OR(B319="R",B319="Refusé"),0,(O319*1.2)) -> 0 | U319: =IF(ISBLANK($T319),P319,0) -> 0
P320: =IF(OR(B320="R",B320="Refusé"),0,(O320*1.2)) -> 0 | U320: =IF(ISBLANK($T320),P320,0) -> 0
P321: =IF(OR(B321="R",B321="Refusé"),0,(O321*1.2)) -> 0 | U321: =IF(ISBLANK($T321),P321,0) -> 0
P322: =IF(OR(B322="R",B322="Refusé"),0,(O322*1.2)) -> 0 | U322: =IF(ISBLANK($T322),P322,0) -> 0
P323: =IF(OR(B323="R",B323="Refusé"),0,(O323*1.2)) -> 0 | U323: =IF(ISBLANK($T323),P323,0) -> 0
P324: =IF(OR(B324="R",B324="Refusé"),0,(O324*1.2)) -> 0 | U324: =IF(ISBLANK($T324),P324,0) -> 0
... P407: =IF(OR(B407="R",B407="Refusé"),0,(O407*1.2)) -> 0 | U407: =IF(ISBLANK($T407),P407,0) -> 0
P408: =IF(OR(B408="R",B408="Refusé"),0,(O408*1.2)) -> 0 | S408: 42668 | U408: =IF(ISBLANK($T408),P408,0) -> 0
B409: Total | O409: =SUBTOTAL(109,O312:O408) -> 0 | P409: =SUBTOTAL(109,P312:P408) -> 0 | U409: =SUBTOTAL(109,U312:U408) -> 0
R410: MONTANT RECU | S410: =+P409-U409 -> 0 | T410: TTC
O415: TOTAUX DES COMMERCIAUX | Q415: DOSSIERS RENTRÉS | R415: RESTE A RECEVOIR | S415: MONTANT RECU TTC
Q416: =P409+P306+Tableau26211[[#Totals],[MONTANT TOTAL TTC]]+Tableau262[[#Totals],[MONTANT TOTAL TTC]] -> 0 | R416: =U409+U306+Tableau26211[[#Totals],[RESTE A RECEVOIR]]+Tableau262[[#Totals],[RESTE A RECEVOIR]] -> 0 | S416: =S410+S307+S204+S101 -> 0

Sheet TOTAUX
F3: TOTAUX ANNIE | I3: DOSSIERS RENTRÉS | J3: RESTE A RECEVOIR | K3: MONTANTS RECUS
I4: =Tableau267[[#Totals],[MONTANT TOTAL TTC]]+Tableau26[[#Totals],[MONTANT TOTAL TTC]]+Tableau269[[#Totals],[MONTANT TOTAL TTC]]+Tableau112[[#Totals],[MONTANT TOTAL TTC]]+Tableau262[[#Totals],[MONTANT TOTAL TTC]] -> 0 | J4: =Tableau267[[#Totals],[RESTE A RECEVOIR]]+Tableau26[[#Totals],[RESTE A RECEVOIR]]+Tableau269[[#Totals],[RESTE A RECEVOIR]]+Tableau112[[#Totals],[RESTE A RECEVOIR TTC]]+Tableau262[[#Totals],[RESTE A RECEVOIR]] -> 0 | K4: =AGEFOS!S102+AGEFICE!R101+FIFPL!R101+'PAIEMENT DIRECT '!P30+'AUTRE CAS'!S101 -> 0
F7: TOTAUX MARGE | I7: DOSSIERS RENTRÉS | J7: RESTE A RECEVOIR | K7: MONTANTS RECUS
I8: =Tableau2673[[#Totals],[MONTANT TOTAL TTC]]+AGEFICE!O204+FIFPL!O203+'PAIEMENT DIRECT '!N61+Tableau26211[[#Totals],[MONTANT TOTAL TTC]] -> 0 | J8: =Tableau2673[[#Totals],[RESTE A RECEVOIR]]+AGEFICE!T204+FIFPL!T203+'PAIEMENT DIRECT '!R61+Tableau26211[[#Totals],[RESTE A RECEVOIR]] -> 0 | K8: =AGEFOS!S206+AGEFICE!R205+FIFPL!R204+'PAIEMENT DIRECT '!P62+'AUTRE CAS'!S204 -> 0
F10: TOTAUX SANDRINE | I10: DOSSIERS RENTRÉS | J10: RESTE A RECEVOIR | K10: MONTANTS RECUS
I11: =Tableau2678[[#Totals],[MONTANT TOTAL TTC]]+AGEFICE!O308+Tableau26410[[#Totals],[MONTANT TOTAL TTC]]+'PAIEMENT DIRECT '!N92+'AUTRE CAS'!P306 -> 0 | J11: =Tableau2678[[#Totals],[RESTE A RECEVOIR]]+AGEFICE!T308+Tableau26410[[#Totals],[RESTE A RECEVOIR]]+'PAIEMENT DIRECT '!R92+'AUTRE CAS'!U306 -> 0 | K11: =AGEFOS!S310+AGEFICE!R309+FIFPL!R307+'PAIEMENT DIRECT '!P93+'AUTRE CAS'!S307 -> 0
F14: TOTAUX ALEX | I14: DOSSIERS RENTRÉS | J14: RESTE A RECEVOIR | K14: MONTANTS RECUS
I15: =Tableau267818[[#Totals],[MONTANT TOTAL TTC]]+AGEFICE!O413+Tableau2641023[[#Totals],[MONTANT TOTAL TTC]]+'PAIEMENT DIRECT '!N124+'AUTRE CAS'!P409 -> 0 | J15: =Tableau267818[[#Totals],[RESTE A RECEVOIR]]+AGEFICE!T413+Tableau2641023[[#Totals],[RESTE A RECEVOIR]]+'PAIEMENT DIRECT '!R124+'AUTRE CAS'!U409 -> 0 | K15: =AGEFOS!S414+AGEFICE!R414+FIFPL!R410+'PAIEMENT DIRECT '!P125+'AUTRE CAS'!S410 -> 0
F20: TOTAUX | I20: DOSSIERS RENTRÉS | J20: RESTE A RECEVOIR | K20: MONTANTS RECUS
I21: =I15+I11+I8+I4 -> 0 | J21: =J15+J11+J8+J4 -> 0 | K21: =K15+K11+K8+K4 -> 0

Sheet CODES
E2: CODES | N2: ANNIE
N4: VINCENT
N6: MCHEL
E7: ATTENTION "R" = REFUSÉ = SUPPRIME LE MONTANT TOTAL DE LA LIGNE
N8: JULIE
N10: MARIE CLAIRE
N12: VANESSA
E14: STATUT | N14: JEAN-LUC
E15: A | H15: ACCORD | N15: GERARD
E16: p | H16: PAYÉ | N16: PASCAL
E17: R | H17: REFUSÉ | N17: PHILIPPE
N18: CATHERINE

Sheet JANVIER
A1: JANVIER 2017
A2: NOM | B2: REF CLIENT | C2: NOM DU PARTICIPANT | D2: FORMATION | E2: DATE DE LA FORMATION | F2: PRIX HT
A35: TOTAL | F35: =SUM(F3:F34) -> 0

Sheet FEVRIER
A1: FÉVRIER 2017
A2: NOM | B2: REF CLIENT | C2: NOM DU PARTICIPANT | D2: FORMATION | E2: DATE DE LA FORMATION | F2: PRIX HT
A35: TOTAL | F35: =SUM(F3:F34) -> 0

Sheet MARS
A1: MARS 2017
A2: NOM | B2: REF CLIENT | C2: NOM DU PARTICIPANT | D2: FORMATION | E2: DATE DE LA FORMATION | F2: PRIX HT
A35: TOTAL | F35: =SUM(F3:F34) -> 0

Sheet AVRIL
A1: AVRIL 2017
A2: NOM | B2: REF CLIENT | C2: NOM DU PARTICIPANT | D2: FORMATION | E2: DATE DE LA FORMATION | F2: PRIX HT
A35: TOTAL | F35: =SUM(F3:F34) -> 0

Sheet MAI
A1: MAI 2017
A2: NOM | B2: REF CLIENT | C2: NOM DU PARTICIPANT | D2: FORMATION | E2: DATE DE LA FORMATION | F2: PRIX HT
A35: TOTAL | F35: =SUM(F3:F34) -> 0

Sheet JUIN
A1: JUIN 2017
A2: NOM | B2: REF CLIENT | C2: NOM DU PARTICIPANT | D2: FORMATION | E2: DATE DE LA FORMATION | F2: PRIX HT
A35: TOTAL | F35: =SUM(F3:F34) -> 0

Sheet JUILLET
A1: JUILLET 2017
A2: NOM | B2: REF CLIENT | C2: NOM DU PARTICIPANT | D2: FORMATION | E2: DATE DE LA FORMATION | F2: PRIX HT
A35: TOTAL | F35: =SUM(F3:F34) -> 0

Sheet AOÛT
A1: AOÛT 2017
A2: NOM | B2: REF CLIENT | C2: NOM DU PARTICIPANT | D2: FORMATION | E2: DATE DE LA FORMATION | F2: PRIX HT
A35: TOTAL | F35: =SUM(F3:F34) -> 0

Sheet SEPTEMBRE
A1: SEPTEMBRE 2017
A2: NOM | B2: REF CLIENT | C2: NOM DU PARTICIPANT | D2: FORMATION | E2: DATE DE LA FORMATION | F2: PRIX HT
A35: TOTAL | F35: =SUM(F3:F34) -> 0

Sheet OCTOBRE
A1: OCTOBRE 2017
A2: NOM | B2: REF CLIENT | C2: NOM DU PARTICIPANT | D2: FORMATION | E2: DATE DE LA FORMATION | F2: PRIX HT
A35: TOTAL | F35: =SUM(F3:F34) -> 0

Sheet NOVEMBRE
A1: NOVEMBRE 2017
A2: NOM | B2: REF CLIENT | C2: NOM DU PARTICIPANT | D2: FORMATION | E2: DATE DE LA FORMATION | F2: PRIX HT
A35: TOTAL | F35: =SUM(F3:F34) -> 0

Sheet DECEMBRE
A1: DÉCEMBRE 2017
A2: NOM | B2: REF CLIENT | C2: NOM DU PARTICIPANT | D2: FORMATION | E2: DATE DE LA FORMATION | F2: PRIX HT
A35: TOTAL | F35: =SUM(F3:F34) -> 0

Sheet LETTRE TYPE
B1: ENVOI FACTURE ACQUITÉE | I1: ENVOI CALENDRIER 1ER SEMESTRE | P1: ENVOI CALENDRIER 2éme SEMESTRE
B2: Monsieur (Madame), Nous accusons réception de votre règlement dont nous vous remercions. Vous trouverez, ci-joint, votre facture acquittée. Nous vous en souhaitons bonne réception. Veuillez agréer, Monsieur (Madame), nos salutations distinguées. | I2: Monsieur (Madame), Suite à votre demande,veuillez trouver ci joint le calendrier des formations du 1er semestre 2016. En espérant vous apporter l'ensemble des informations que vous souhaitez. Je me tiens bien entendu à votre disposition pour tout renseignement complémentaire. Nous vous en souhaitons bonne réception. Veuillez agréer, Monsieur (Madame), nos salutations distinguées. | P2: Monsieur (Madame), Suite à votre demande,veuillez trouver ci joint le calendrier des formations du 2éme semestre 2016. En espérant vous apporter l'ensemble des informations que vous souhaitez. Je me tiens bien entendu à votre disposition pour tout renseignement complémentaire. Nous vous en souhaitons bonne réception. Veuillez agréer, Monsieur (Madame), nos salutations distinguées.
